 Dungeon Crawl Stone Soup version 0.27-a0-597-g524d869a0f (webtiles) character file.

Game seed: 17698287702723953000

107417 tsouns the Marksspriggan (level 16, -1/83 HPs)
             Began as a Spriggan Hunter on Mar 8, 2021.
             Was the Champion of Okawaru.
             Slain by Rupert
             ... wielding a +2 executioner's axe of flaming
              (6 damage)
             ... on level 14 of the Dungeon on Mar 12, 2021.
             The game lasted 01:35:02 (32354 turns).

tsouns the Marksspriggan (Spriggan Hunter)         Turns: 32354, Time: 01:35:04

Health: -1/83      AC:  7    Str: 14    XL:     16   Next: 0%
Magic:  22/31      EV: 30    Int:  9    God:    Okawaru [******]
Gold:   2156       SH:  5    Dex: 24    Spells: 26/35 levels left

rFire    + . .     SeeInvis +   a - +9 shortbow (vorpal)
rCold    + + .     Faith    .   (shield currently unavailable)
rNeg     + . .     Spirit   .   N - +0 animal skin of Magic {rN+ Slay+3}
rPois    .         Reflect  +   U - +2 hat {Stlth+}
rElec    .         Harm     .   w - +2 cloak
rCorr    .         Rampage  .   (gloves unavailable)
Will     ++...                  (boots unavailable)
Stlth    ++++++....             m - amulet of reflection
HPRegen  0.23/turn              x - +6 ring of strength
MPRegen  0.22/turn              H - ring "Ukumife" {rF+ rC++ Int-5 Dex+3 Stlth+}

@: very quick
A: very small, unfitting armour, see invisible, speed 3
a: Renounce Religion, Heroism, Finesse


You were on level 14 of the Dungeon.
You worshipped Okawaru.
Okawaru was exalted by your worship.
You visited 5 branches of the dungeon, and saw 24 of its levels.
You also visited: Volcano.

You collected 2672 gold pieces.
You spent 516 gold pieces at shops.

Inventory:

Hand Weapons
 a - a +9 vorpal shortbow (weapon)
 i - a +3 flail of protection
 y - a +4 shortbow of flaming
 K - the +9 quarterstaff "Vuciexuy" {holy, +Fly Dex+3 SInv}
   (Okawaru gifted it to you on level 2 of the Lair of Beasts)

   It has been blessed by the Shining One to cause great damage to the undead
   and demons.
   It affects your dexterity (+3).
   It lets you see invisible.
   It lets you fly.
Missiles
 j - 238 poisoned darts
 q - 9 curare-tipped darts
 A - 273 arrows (quivered ammo)
Armour
 w - a +2 cloak (worn)
 N - the +0 animal skin of Magic (worn) {rN+ Slay+3}
   (Okawaru gifted it to you on level 4 of the Lair of Beasts)

   It affects your accuracy and damage with ranged weapons and melee attacks
   (+3).
   It protects you from negative energy.
 U - a +2 hat of stealth (worn)
Jewellery
 c - a ring of poison resistance
 m - an amulet of reflection (around neck)
 p - an amulet of regeneration
 x - a +6 ring of strength (right hand)
 H - the ring "Ukumife" (left hand) {rF+ rC++ Int-5 Dex+3 Stlth+}
   (You acquired it on level 3 of the Lair of Beasts)

   [ring of protection from fire]

   It affects your intelligence (-5).
   It affects your dexterity (+3).
   It protects you from fire.
   It greatly protects you from cold.
   It makes you more stealthy.
 W - a ring of resist corrosion
Wands
 l - a wand of mindburst (24)
 r - a wand of charming (14)
 B - a wand of iceblast (7)
 C - a wand of random effects (51)
 E - a wand of flame (60)
 V - a wand of paralysis (4)
 X - a wand of digging (6)
 Z - a wand of acid (13)
Scrolls
 e - 8 scrolls of teleportation
 k - 2 scrolls of fog
 t - 2 scrolls of enchant armour
 v - 7 scrolls of identify
 D - 9 scrolls of fear
 J - 3 scrolls of enchant weapon
 O - a scroll of vulnerability
 P - a scroll of silence
 Q - a scroll of holy word
 R - 2 scrolls of magic mapping
 S - a scroll of amnesia
 Y - a scroll of torment
Potions
 b - a potion of berserk rage
 d - 3 potions of brilliance
 f - 2 potions of ambrosia
 g - 6 potions of heal wounds
 h - 6 potions of lignification
 n - 10 potions of curing
 o - 2 potions of might
 s - 3 potions of flight
 u - 3 potions of haste
 z - 7 potions of mutation
 F - a potion of invisibility
 G - 2 potions of cancellation
 M - 4 potions of resistance
Miscellaneous
 I - a phial of floods
 L - a condenser vane
 T - a tin of tremorstones (2/2)


   Skills:
 + Level 8.9 Fighting
 - Level 9.2 Maces & Flails
 + Level 17.8 Bows
 + Level 12.4 Dodging
 - Level 6.5 Stealth
 + Level 10.1 Spellcasting
 - Level 3.2 Conjurations
 - Level 5.0 Translocations
 - Level 3.8 Air Magic
 - Level 4.2 Poison Magic
 - Level 9.5 Invocations
 - Level 9.1 Evocations


You had 26 spell levels left.
You knew the following spells:

 Your Spells              Type           Power      Damage    Failure   Level
a - Poisonous Vapours     Pois/Air       22%        N/A       4%          2
b - Mephitic Cloud        Conj/Pois/Air  11%        N/A       10%         3
c - Blink                 Tloc           N/A        N/A       2%          2
d - Passwall              Tmut/Erth      3%         N/A       22%         2

Your spell library contained the following spells:

 Spells                   Type           Power      Damage    Failure   Level
 Shock                    Conj/Air       40%        1d5       3%          1
 Magic Dart               Conj           40%        1d5       4%          1
 Swiftness                Air            11%        N/A       4%          2
 Sting                    Tmut/Pois      32%        1d4       6%          1
 Static Discharge         Conj/Air       10%        N/A       11%         3
 Sandblast                Erth           8%         2d5       14%         1
 Call Imp                 Summ           4%         N/A       22%         2
 Slow                     Hex            4%         N/A       22%         2
 Sublimation of Blood     Necr           2%         N/A       22%         2
 Conjure Flame            Conj/Fire      7%         6-21      22%         3
 Ignite Poison            Fire/Tmut/Pois 7%         N/A       24%         3
 Olgreb's Toxic Radiance  Pois           12%        N/A       26%         4
 Airstrike                Air            5%         N/A       30%         4
 Lightning Bolt           Conj/Air       5%         1d17      67%         5
 Petrify                  Tmut/Erth      4%         N/A       82%         4
 Alistair's Intoxication  Tmut/Pois      5%         N/A       86%         5
 Irradiate                Conj/Tmut      3%         3d14      91%         5
 Eringya's Noxious Bog    Tmut/Pois      4%         N/A       100%        6
 Iron Shot                Conj/Erth      3%         9d2       100%        6
 Statue Form              Tmut/Erth      2%         N/A       100%        6


Dungeon Overview and Level Annotations

Branches:
Dungeon (14/15)            Temple (1/1) D:4            Lair (6/6) D:9
 Shoals (0/4) Lair:3        Snake (1/4) Lair:3        Slime (0/5) Lair:5
    Orc (2/2) D:11            Elf (0/3) Orc:2        Vaults (0/5) D:14
Volcano (visited)

Altars:
Ashenzari
Cheibriados
Dithmenos
Elyvilon
Fedhas
Gozag
Hepliaklqana
Kikubaaqudgha
Makhleb
Nemelex Xobeh
Okawaru
Qazlal
Ru
Sif Muna
Trog
Uskayaw
Vehumet
Wu Jian
Xom
Yredelemnul
Zin
The Shining One
Beogh

Shops:
D:7 *   D:13 **   Orc:2 !:[!

Annotations:
D:14 Rupert
Orc:1 3 runed translucent doors, wakim's ghost, journeyman OpVM


Innate Abilities, Weirdness & Mutations

You are very small and have problems with some larger weapons.
You are too small for most types of armour.
You have supernaturally acute eyesight. (SInv)
You cover ground extremely quickly. (Speed+++)


Message History

You shoot an arrow. The arrow hits Rupert!
Rupert is heavily wounded.
You shoot an arrow. The arrow hits Rupert!
Rupert is heavily wounded.
The bullfrog hits the wraith but does no damage.
Rupert rages.
Rupert seems less confused.
You shoot an arrow. The arrow hits Rupert!
Rupert is severely wounded.
You shoot an arrow.
The arrow hits Rupert but does no damage.
Rupert is severely wounded.
The bullfrog seems less confused.
You shoot an arrow. The arrow closely misses Rupert.
The arrow hits the bullfrog!!
You kill the bullfrog!
Okawaru accepts your kill.
Casting: Mephitic Cloud (dangerous; 10% risk of failure)
Confirm with . or Enter, or press ? or * to list all spells.
Aiming: Poisonous Vapours (safe; 4% risk of failure)
Press: ? - help, Dir - move target, f/p - Rupert
Aim: Rupert, wielding a +2 executioner's axe of flaming and wearing a +3 leather armour (severely wounded, berserk) Poisonous vapours surround Rupert!
Rupert is engulfed in poison gas.
Rupert is poisoned.
Rupert hits you with a +2 executioner's axe of flaming!
Rupert burns you.
Casting: Poisonous Vapours (safe; 4% risk of failure)
Confirm with . or Enter, or press ? or * to list all spells.
Aiming: Mephitic Cloud (dangerous; 10% risk of failure)
Press: ? - help, Shift-Dir - straight line, f/p - Rupert
Aim: Rupert, wielding a +2 executioner's axe of flaming and wearing a +3 leather armour (severely wounded, berserk, poisoned, chance to affect: 24%)
The ball explodes into a vile cloud!
The stinking cloud engulfs Rupert but does no damage.
Rupert is severely wounded.
Rupert is engulfed in noxious fumes.
Rupert rages.
Rupert hits you with a +2 executioner's axe of flaming!!!
* * * LOW HITPOINT WARNING * * *
Rupert burns you.
You die...

#........# #.# #.# #.#
#.####.#####(# #.#####.##
#.#..#.#...#W# #........#
.#.#.#..(.#.....#########..#
......[...#...#............#
.#.#.#....#.###§##########.# #
#...<...##☼# #######.##### #
#....#..##@# ...........).
####.##.#....##@#.#########.....
................................
####.##.#....##.#.....#####.....
.. #.#...###.#.....# #..... ##
#.#.#.....# .#### #.....
#.#.#.#####..# ###### #.#....#
#..# #.###..####..# #.#
#..).....#


You could see Rupert (berserk, poisoned) and a wraith.

Vanquished Creatures
  An orc warlord (Orc:2)
  Azrael (D:13)
  A red draconian (Volcano)
  The ghost of zikan the Basher, a journeyman DsMo of Qazlal (D:13)
  Josephine (D:12)
  Snorg (D:10)
  A fire dragon (Lair:6)
  5 boulder beetles
  2 vault guards (D:14)
  5 hydras
  A centaur warrior (Volcano)
  A catoblepas (Lair:3)
  20 death yaks
  An ogre mage (D:14)
  3 two-headed ogres
  7 orc high priests (Orc:2)
  Sonja (D:12)
  A swamp dragon (Lair:6)
  A deep elf pyromancer (D:13)
  Pikel (D:8)
  3 orc knights (D:14)
  4 ugly things
  An obsidian statue (D:13)
  7 oklob plants
  A wolf spider (Lair:6)
  2 cyclopes
  An orc sorcerer (Orc:2)
  A manticore (D:11)
  10 elephants
  A centaur zombie (D:13)
  A guardian serpent (Lair:6)
  Maurice (D:13)
  22 cane toads
  3 torpor snails
  A molten gargoyle (Volcano)
  9 black mambas
  6 centaur skeletons
  8 komodo dragons
  A komodo dragon (shapeshifter) (D:13)
  4 yaktaurs
  5 kobold demonologists
  A tengu conjurer (D:14)
  2 rime drakes (Lair:6)
  7 trolls
  19 blink frogs
  7 slime creatures (D:12)
  4 hornets
  7 dream sheep
  A redback (Lair:6)
  22 orc warriors
  7 wraiths
  A spriggan (Lair:2)
  19 wyverns
  2 steam dragons
  45 yaks
  4 fire bats (Volcano)
  6 hogs (D:12)
  3 basilisks
  2 fire elementals (D:13)
  Menkaure (D:7)
  Edmund (D:3)
  2 acid dragons (Lair:6)
  7 wargs
  A soldier ant (D:13)
  26 water moccasins
  5 hell hounds (D:13)
  2 swamp drakes (Lair:6)
  7 ice beasts
  2 sky beasts (D:9)
  A necrophage (D:7)
  5 black bears
  10 ogres
  An eye of draining (D:10)
  22 wolves
  14 centaurs
  2 lemures
  27 kobold brigands
  6 phantoms
  16 bullfrogs
  2 wyvern skeletons
  2 scorpions
  5 killer bees (D:12)
  8 electric eels
  7 wights
  4 howler monkeys
  A bullfrog zombie (D:12)
  Crazy Yiuf (D:4)
  4 jellies
  32 orc priests
  A gnoll shaman (D:10)
  9 hounds
  3 bullfrog skeletons
  9 iguanas
  Ijyb (D:5)
  27 orc wizards
  14 worker ants
  Natasha (twice) (D:2)
  2 hell rats (D:9)
  A killer bee zombie (D:10)
  A hound skeleton (D:5)
  Robin (D:2)
  15 adders
  8 gnolls
  2 howler monkey skeletons
  3 shadow imps
  2 ufetubi
  2 oozes
  An adder zombie (D:5)
  An adder skeleton (D:10)
  2 worms (D:2)
  3 dart slugs (D:1)
  6 leopard geckos
  108 orcs
  8 bats
  8 giant cockroaches
  7 hobgoblins
  20 jackals
  28 kobolds
  6 quokkas
  4 ball pythons
  4 frilled lizards
  A giant cockroach zombie (D:3)
  14 goblins
  2 quokka skeletons
  7 rats
  A spectral kobold (D:3)
865 creatures vanquished.

Vanquished Creatures (collateral kills)
  A phantom (D:7)
  An orc priest (D:5)
  An orc wizard (D:7)
  An orc (D:5)
4 creatures vanquished.

Vanquished Creatures (others)
  Kirke (D:12)
  A rime drake (Lair:6)
  A jelly (D:12)
  An orc wizard (D:8)
  A leopard gecko (D:2)
  A bush (Lair:6)
  56 fungi
  184 plants
246 creatures vanquished.

Grand Total: 1115 creatures vanquished

Notes
Turn   | Place    | Note
-------+----------+-------------------------------------------
     0 | D:1      | tsouns the Spriggan Hunter began the quest for the Orb.
     0 | D:1      | Reached XP level 1. HP: 10/10 MP: 2/2
    41 | D:1      | Reached skill level 5 in Bows
   104 | D:1      | Reached XP level 2. HP: 14/14 MP: 3/3
   317 | D:1      | Reached XP level 3. HP: 14/18 MP: 4/4
   718 | D:2      | Reached skill level 6 in Bows
   813 | D:2      | Reached XP level 4. HP: 22/22 MP: 5/5
   901 | D:2      | Noticed a phantom
   942 | D:2      | Killed a phantom
   943 | D:2      | Reached XP level 5. HP: 7/25 MP: 6/6
  1507 | D:2      | You fall into a shaft and drop 1 floor!
  1531 | D:3      | Reached skill level 7 in Bows
  1670 | D:3      | Reached skill level 5 in Stealth
  2788 | D:3      | Found a hazy altar of Hepliaklqana.
  2972 | D:2      | Noticed Robin
  2984 | D:2      | Killed Robin
  3155 | D:2      | Noticed Natasha
  3200 | D:2      | Killed Natasha
  3796 | D:2      | Noticed Natasha
  3805 | D:2      | Killed Natasha
  3806 | D:2      | Reached XP level 6. HP: 21/30 MP: 7/7
  4022 | D:4      | Noticed Edmund
  4250 | D:3      | Killed Edmund
  4251 | D:3      | Reached skill level 8 in Bows
  4499 | D:4      | Upgraded the game from 0.27-a0-562-g0d39f094a4 to
                  | 0.27-a0-577-ge2a43ba0c9
  4555 | D:4      | Found a staircase to the Ecumenical Temple.
  4570 | Temple   | Entered the Ecumenical Temple
  4738 | Temple   | Became a worshipper of Warmaster Okawaru
  4925 | D:4      | Found a runed translucent door.
  4926 | D:4      | Noticed Crazy Yiuf
  4958 | D:4      | Killed Crazy Yiuf
  4959 | D:4      | Reached XP level 7. HP: 24/34 MP: 8/8
  5376 | D:5      | Entered Level 5 of the Dungeon
  5376 | D:5      | Found a hide-covered altar of Uskayaw.
  5396 | D:5      | Found a sparkling altar of Nemelex Xobeh.
  5427 | D:5      | Reached skill level 1 in Maces & Flails
  5749 | D:5      | Reached skill level 9 in Bows
  5831 | D:5      | Reached * piety under Okawaru
  5881 | D:5      | Upgraded the game from 0.27-a0-577-ge2a43ba0c9 to
                  | 0.27-a0-597-g524d869a0f
  6037 | D:5      | Found a burning altar of Makhleb.
  6177 | D:5      | Noticed Ijyb
  6213 | D:5      | Killed Ijyb
  6214 | D:5      | Reached XP level 8. HP: 40/40 MP: 9/9
  6868 | D:6      | Found a blossoming altar of Fedhas.
  6877 | D:6      | Found a bloodstained altar of Trog.
  7140 | D:7      | Noticed Menkaure
  7158 | D:7      | Killed Menkaure
  7259 | D:7      | Reached ** piety under Okawaru
  7286 | D:7      | Reached skill level 10 in Bows
  7485 | D:7      | Found Quush's General Store.
  7704 | D:7      | Reached XP level 9. HP: 46/46 MP: 10/10
  7733 | D:7      | Reached skill level 5 in Dodging
  7759 | D:7      | Bought 3 scrolls of enchant weapon for 225 gold pieces
  7759 | D:7      | Bought a potion of mutation for 80 gold pieces
  8051 | D:7      | Reached *** piety under Okawaru
  8465 | D:8      | Reached skill level 5 in Fighting
  8554 | D:8      | Noticed a two-headed ogre
  8632 | D:8      | Killed a two-headed ogre
  8633 | D:8      | Reached skill level 11 in Bows
  8633 | D:8      | Reached skill level 1 in Invocations
  8785 | D:8      | Reached **** piety under Okawaru
  8922 | D:8      | Received a gift from Okawaru
  8991 | D:8      | Reached XP level 10. HP: 47/51 MP: 12/12
  9202 | D:8      | Received a gift from Okawaru
  9622 | D:8      | Reached skill level 5 in Maces & Flails
  9940 | D:9      | Noticed a death yak
  9991 | D:8      | Killed a death yak
  9991 | D:8      | Reached ***** piety under Okawaru
  9991 | D:8      | Received a gift from Okawaru
 10207 | D:9      | Noticed a death yak
 10215 | D:9      | Noticed Pikel
 10269 | D:8      | Killed a death yak
 10407 | D:8      | Killed Pikel
 10466 | D:9      | Reached skill level 12 in Bows
 10470 | D:9      | Found a staircase to the Lair.
 10475 | D:9      | Noticed a death yak
 10533 | D:8      | Killed a death yak
 10533 | D:8      | Received a gift from Okawaru
 10533 | D:8      | Received a gift from Okawaru
 10831 | D:9      | Received a gift from Okawaru
 10965 | D:9      | Reached XP level 11. HP: 51/58 MP: 15/15
 11518 | D:10     | Entered Level 10 of the Dungeon
 11526 | D:10     | Reached skill level 5 in Invocations
 12070 | D:10     | Noticed Snorg
 12085 | D:10     | Killed Snorg
 12085 | D:10     | Received a gift from Okawaru
 12349 | D:10     | Noticed a two-headed ogre
 12360 | D:10     | Killed a two-headed ogre
 12495 | Lair:1   | Entered Level 1 of the Lair of Beasts
 12608 | Lair:1   | Learned a level 2 spell: Poisonous Vapours
 12612 | Lair:1   | Learned a level 3 spell: Mephitic Cloud
 12790 | Lair:1   | Learned a level 2 spell: Blink
 12840 | Lair:1   | Reached skill level 13 in Bows
 13265 | Lair:2   | Received a gift from Okawaru
 13458 | Lair:2   | Reached XP level 12. HP: 63/63 MP: 18/18
 13463 | Lair:2   | Reached ****** piety under Okawaru
 13558 | Lair:2   | Received a gift from Okawaru
 13827 | Lair:2   | Identified the +9 quarterstaff "Vuciexuy" {holy, +Fly Dex+3
                  | SInv} (Okawaru gifted it to you on level 2 of the Lair of
                  | Beasts)
 13827 | Lair:2   | Received a gift from Okawaru
 14155 | Lair:2   | Reached skill level 1 in Evocations
 14451 | Lair:3   | Found a staircase to the Snake Pit.
 14531 | Lair:3   | Noticed a catoblepas
 14541 | Lair:3   | Killed a catoblepas
 14542 | Lair:3   | Reached skill level 14 in Bows
 14552 | Lair:3   | Noticed a seven-headed hydra
 14557 | Lair:3   | Noticed a four-headed hydra
 14574 | Lair:3   | Killed a seven-headed hydra
 14584 | Lair:3   | Killed a four-headed hydra
 14584 | Lair:3   | Received a gift from Okawaru
 14859 | Lair:3   | Identified a scroll of acquirement
 14860 | Lair:3   | Acquired the ring "Ukumife" {rF+ rC++ Int-5 Dex+3 Stlth+}
 14953 | Lair:3   | Noticed a death yak
 14957 | Lair:3   | Noticed a death yak
 14963 | Lair:3   | Noticed a death yak
 14966 | Lair:3   | Noticed a death yak
 14967 | Lair:3   | Killed a death yak
 14968 | Lair:3   | Reached skill level 5 in Evocations
 15007 | Lair:3   | Killed a death yak
 15055 | Lair:3   | Killed a death yak
 15093 | Lair:3   | Killed a death yak
 15094 | Lair:3   | Reached XP level 13. HP: 67/67 MP: 20/20
 15394 | Lair:3   | Found a staircase to the Shoals.
 15574 | Snake:1  | Entered Level 1 of the Snake Pit
 15588 | Lair:4   | Found a blossoming altar of Fedhas.
 16032 | Lair:4   | Received a gift from Okawaru
 16203 | Lair:4   | Reached skill level 15 in Bows
 16225 | Lair:4   | Received a gift from Okawaru
 16571 | Lair:4   | Identified the +0 animal skin of Magic {rN+ Slay+3}
                  | (Okawaru gifted it to you on level 4 of the Lair of Beasts)
 16571 | Lair:4   | Received a gift from Okawaru
 17043 | Lair:4   | Identified the +4 executioner's axe of Yeast {antimagic,
                  | Str+6 Stlth+}
 18456 | Lair:5   | Reached skill level 1 in Spellcasting
 18756 | Lair:5   | Reached skill level 1 in Air Magic
 18756 | Lair:5   | Reached skill level 1 in Poison Magic
 18850 | Lair:5   | Reached skill level 1 in Conjurations
 19091 | Lair:5   | Found a staircase to the Slime Pits.
 19965 | Lair:6   | Entered Level 6 of the Lair of Beasts
 19982 | Lair:6   | Reached XP level 14. HP: 72/72 MP: 22/22
 21145 | Lair:6   | Received a gift from Okawaru
 21720 | Lair:6   | Reached skill level 16 in Bows
 22273 | Lair:6   | Reached skill level 5 in Spellcasting
 22461 | Lair:6   | Reached skill level 1 in Translocations
 22836 | Lair:6   | Received a gift from Okawaru
 22858 | Lair:6   | Identified Sif Muna's Volume of the Mountains
 22872 | Lair:6   | Learned a level 2 spell: Passwall
 23445 | Lair:6   | Received a gift from Okawaru
 23533 | Lair:6   | Identified the +2 ring mail of the Desert {Rampage rC+
                  | rCorr Str-2}
 23809 | Lair:6   | Reached skill level 5 in Translocations
 24331 | D:11     | Received a gift from Okawaru
 24407 | D:11     | Reached skill level 10 in Dodging
 25006 | D:11     | Found a staircase to the Orcish Mines.
 25389 | Orc:1    | Entered Level 1 of the Orcish Mines
 25787 | Orc:1    | Found a dark tunnel.
 25799 | Volcano  | Entered a volcano
 25868 | Volcano  | Reached XP level 15. HP: 38/75 MP: 26/26
 25911 | Volcano  | Found a bloodstained altar of Trog.
 26274 | Orc:1    | Found a runed translucent gate.
 26275 | Orc:1    | Found a runed translucent gate.
 26277 | Orc:1    | Found a runed translucent gate.
 26277 | Orc:1    | Noticed an orc warlord
 26277 | Orc:1    | Noticed wakim's ghost (journeyman OpVM)
 26819 | Orc:2    | Entered Level 2 of the Orcish Mines
 26875 | Orc:2    | Found a staircase to the Elven Halls.
 27142 | Orc:2    | Reached skill level 17 in Bows
 27285 | Orc:2    | Found Baunu's Book Emporium.
 27285 | Orc:2    | Found Winoj's Distillery.
 27309 | Orc:2    | Bought 2 potions of heal wounds for 160 gold pieces
 27506 | Orc:2    | Found Utowoheo's Distillery.
 27506 | Orc:2    | Found Ywut's Antique Armour Boutique.
 27518 | Orc:2    | Bought a potion of curing for 51 gold pieces
 27562 | Orc:2    | Noticed an orc warlord
 27593 | Orc:2    | Killed an orc warlord
 28220 | D:12     | Noticed Kirke
 28251 | D:12     | Killed Kirke
 28966 | D:12     | Identified the +8 dagger of the Philosopher {elec, rF+
                  | Int+5 Dex-3} (Okawaru gifted it to you on level 12 of the
                  | Dungeon)
 28966 | D:12     | Received a gift from Okawaru
 29053 | D:12     | Noticed Josephine
 29060 | D:12     | Killed Josephine
 29264 | D:12     | Noticed Sonja
 29270 | D:12     | Killed Sonja
 29709 | D:13     | Found a runed translucent gate.
 29709 | D:13     | Found a runed translucent gate.
 29709 | D:13     | Found a runed translucent gate.
 29709 | D:13     | Found an opulent altar of Gozag.
 29709 | D:13     | Found Tebb's Assorted Antiques.
 29709 | D:13     | Found Wefur's Assorted Antiques.
 29982 | D:13     | Noticed Maurice
 29991 | D:13     | Killed Maurice
 30117 | D:13     | Noticed Azrael
 30134 | D:13     | Killed Azrael
 30623 | D:13     | Noticed zikan's ghost (journeyman DsMo)
 31119 | D:13     | Killed zikan's ghost
 31918 | D:14     | Reached skill level 10 in Spellcasting
 31927 | D:14     | Received a gift from Okawaru
 32045 | D:14     | Found a gate to the Vaults.
 32079 | D:14     | Reached XP level 16. HP: 57/83 MP: 31/31
 32322 | D:14     | Noticed Rupert
 32354 | D:14     | Slain by Rupert

Illustrated notes

Levels and vault maps discovered:
D:1:      psy_arrival_basics, layout_rooms, palyth_stone_intersect
D:2:      layout_loops_ring, serial_bayou, serial_bayou_pond_d,
          serial_bayou_pond_e, serial_bayou_crossing, serial_bayou_pond_d,
          uniq_natasha, uniq_robin
D:3:      minmay_thinvault, layout_loops_corners,
          nicolae_hepliaklqana_monster_ancestors
D:4:      layout_rooms, minmay_temple_entry_waves, uniq_crazy_yiuf_cottage,
          uniq_edmund
D:5:      layout_basic, overflow_temple_1_default, kennysheep_mini_moat,
          nemelex_xobeh_ov_fountains_minmay, uniq_ijyb
D:6:      layout_basic, minitemple
D:7:      layout_basic, serial_shops, shop_statue, roderic_roman_lattice,
          uniq_menkaure
D:8:      layout_loops_corners
D:9:      layout_loops_corners, dpeg_lair_monsters, uniq_pikel
D:10:     minmay_angry_zag, layout_irregular_city, uniq_snorg
D:11:     layout_loops_corners, hiddenorc1_lemuel
D:12:     layout_basic, uniq_sonja, uniq_josephine, uniq_kirke
D:13:     layout_stronghold, ebering_ghost_gozag, uniq_maurice, uniq_azrael
D:14:     layout_basic, grunt_vaults_entry_fortified, uniq_rupert
Temple:   regret_index_temple_sphere_string
Lair:1:   layout_roguey, infiniplex_staircase_pool, lemuel_fruit_tree
Lair:2:   layout_cave_pods, grunt_forest_large_clearing_hut,
          serial_bayou_shore_b
Lair:3:   layout_gridlike, minmay_shoals_entry_centaurs, dummy_snake_entry,
          grunt_megastairs_2
Lair:4:   layout_gridlike, serial_bayou, serial_bayou_lagoon_a,
          serial_bayou_shore_a, serial_bayou_lake_a, serial_bayou_ford_a,
          basic_altar, minmay_lair_oklob_chamber
Lair:5:   layout_hall_layers, minmay_slime_entry_oklob_enclosed
Lair:6:   guppyfry_lair_end_dragon, layout_small_grid,
          hangedman_lair_tendril_chambers
Snake:1:  layout_basic, grunt_ministairs_8, nicolae_snake_double_loop,
          grunt_megastairs_1
Orc:1:    layout_caves, gammafunk_ghost_split, enter_volcano_1, special_room
          [special_room_kobold]
Orc:2:    st_orc_town, layout_caves

Skill      XL: |  1  2  3  4  5  6  7  8  9 10 11 12 13 14 15 |
---------------+----------------------------------------------+-----
Stealth        | 2 3 4 5 6 |  6.5
Bows           | 5 6 7 8 9 10 11 12 13 14 15 16 17 | 17.8
Fighting       | 3 4 5 6 7 8 |  8.9
Maces & Flails | 2 3 4 5 7 8 9 |  9.2
Dodging        | 4 7 8 9 10 12 | 12.4
Invocations    | 2 4 7 9 |  9.5
Evocations     | 5 9 |  9.1
Spellcasting   | 2 7 10 | 10.1
Air Magic      | 1 3 |  3.8
Poison Magic   | 1 4 |  4.2
Conjurations   | 1 3 |  3.2
Translocations | 5 |  5.0

Action                   |  1- 3 |  4- 6 |  7- 9 | 10-12 | 13-15 | 16-18 || total
-------------------------+-------+-------+-------+-------+-------+-------++-------
Melee: Flail             |       |    14 |   166 |       |     1 |       ||   181
 Fire: Shortbow          |    82 |   287 |   319 |   959 |  2020 |    12 ||  3679
Throw: Dart              |       |     6 |    57 |       |       |       ||    63
 Cast: Poisonous Vapours |       |       |       |       |    10 |     2 ||    12
       Mephitic Cloud    |       |       |       |       |     5 |     2 ||     7
Invok: Heroism           |       |       |       |       |    27 |       ||    27
       Finesse           |       |       |       |       |     1 |       ||     1
Evoke: Wand              |       |     6 |    22 |     4 |    11 |       ||    43
       Condenser vane    |       |       |       |       |     3 |       ||     3
  Use: Scroll            |       |     6 |    14 |    11 |    12 |       ||    43
       Potion            |       |       |       |       |     2 |       ||     2
 Stab: Sleeping          |       |       |     6 |       |       |       ||     6
Armor: Robe              |     1 |    12 |    31 |     3 |       |       ||    47
       Troll leather arm |       |       |       |    11 |     2 |       ||    13
       Animal skin       |       |       |       |       |    16 |       ||    16
Dodge: Dodged            |     9 |    61 |   191 |   140 |   388 |     1 ||   790
Block: Other             |       |       |       |    34 |    57 |       ||    91
       Reflection        |       |       |       |       |     3 |       ||     3

Table legend: (Time is in decaauts)
 A = Elapsed time spent in this place.
 B = Non-inter-level travel time spent in this place.
 C = Inter-level travel time spent in this place.
 D = Time resting spent in this place.
 E = Time spent auto-exploring this place.
 F = Levels seen in this place.
 G = Mean time per level.
                   A        B        C        D        E       F      G
               +--------+--------+--------+--------+--------+-----+--------+
         Total |  23743 |  23086 |    657 |   1173 |  16074 |  25 |  949.7 |
       Dungeon |  12768 |  12392 |    376 |     12 |   9012 |  14 |  912.0 |
        Temple |    119 |     92 |     27 |      0 |     87 |   1 |  119.0 |
          Lair |   8829 |   8603 |    226 |   1161 |   5604 |   6 | 1471.5 |
     Snake Pit |      1 |      1 |      0 |      0 |      0 |   1 |    1.0 |
  Orcish Mines |   1692 |   1665 |     27 |      0 |   1182 |   2 |  846.0 |
       Volcano |    332 |    332 |      0 |      0 |    187 |   1 |  332.0 |
               +--------+--------+--------+--------+--------+-----+--------+

Top non-repeatable levels by time:
  Lair:6: 2559 daAuts
  Lair:5: 2365 daAuts
  Lair:4: 1761 daAuts
     D:2: 1613 daAuts
     D:8: 1430 daAuts
     D:3: 1314 daAuts
    D:13: 1213 daAuts
    D:12: 1043 daAuts
   Orc:2: 979 daAuts
     D:7: 951 daAuts
  Lair:3: 906 daAuts
  Lair:2: 900 daAuts
     D:9: 858 daAuts
    D:11: 843 daAuts
     D:5: 741 daAuts
